AoeStats
← Giovanni Giorgio

Arena

508281544Analyzed
3v3 RM · 10d ago on Sep 21, 2026· 62m 39s· 6 players
Game mode
Random Map
Map size
Normal (6 player)
Population
200
Speed
Normal
Resources
Standard
Victory
Conquest
Starting age
Dark Age
Ending age
Imperial Age
RankedLock teamsTeams togetherTeam positionsShared explorationLock speedFull tech treeHidden civsTurbo modeCheats
Victory
Defeat
🇵🇱 Bohemians · Poland
825
+15
🇵🇱 Turks · Poland
801
+16
🇵🇱 Goths · Poland
784
+17
🇮🇳 Byzantines · India
829
-17
🇺🇸 Chinese · United States
824
-16
🇺🇾 Vietnamese · Uruguay
773
-15
| XG | GAMBA. BIG YAHU
2:01 Loom
11:31 Feudal Age
14:31 Wheelbarrow
14:30 Double-Bit Axe
14:45 Horse Collar
18:12 Castle Age
21:44 Stone Mining
21:45 Gold Mining
22:46 Bow Saw
32:16 Imperial Age
30:28 Fletching
30:40 Padded Archer Armor
32:43 Hand Cart
32:20 Elite Janissary
33:07 Artillery
34:35 Two-Man Saw
35:07 Ballistics
35:55 Parthian Tactics
37:00 Thumb Ring
39:17 Conscription
39:29 Heavy Cavalry Archer
41:13 Sipahi
41:22 Bodkin Arrow
41:43 Leather Archer Armor
41:25 Elite Janissary
42:27 Conscription
45:34 Fortified Wall
45:45 Bombard Tower
46:53 Bracer
47:23 Ring Archer Armor
48:44 Caravan
MaCo67
10:44 Feudal Age
12:00 Wheelbarrow
11:15 Double-Bit Axe
21:24 Castle Age
21:18 Horse Collar
22:22 Bow Saw
23:51 Ballistics
25:13 Chemistry
27:08 Fletching
31:34 Bodkin Arrow
36:25 Imperial Age
34:17 Hand Cart
34:12 Loom
36:15 Husbandry
37:12 Masonry
36:59 Murder Holes
36:52 Cavalier
43:29 Fortified Wall
43:50 Architecture
47:36 Houfnice
52:56 Caravan
53:08 Guilds
Giovanni Giorgio
4:27 Loom
12:03 Feudal Age
12:48 Double-Bit Axe
14:13 Scale Mail Armor
14:24 Forging
15:24 Stone Mining
15:34 Gold Mining
18:09 Horse Collar
23:14 Castle Age
23:33 Wheelbarrow
24:21 Bow Saw
24:20 Heavy Plow
24:26 Squires
26:34 Chain Mail Armor
26:55 Iron Casting
26:28 Anarchy
32:05 Hand Cart
31:37 Town Watch
35:51 Imperial Age
36:36 Elite Huskarl
37:39 Conscription
40:55 Blast Furnace
41:57 Two-Man Saw
46:44 Perfusion
50:23 Town Patrol
vtarchitect1668
4:22 Loom
11:05 Feudal Age
12:21 Wheelbarrow
11:32 Double-Bit Axe
11:28 Horse Collar
16:52 Castle Age
15:32 Stone Mining
15:38 Gold Mining
28:51 Imperial Age
27:34 Murder Holes
31:25 Ballistics
32:16 Chemistry
31:11 Crossbowman
32:11 Elite Skirmisher
33:54 Padded Archer Armor
33:45 Fletching
33:39 Treadmill Crane
35:43 Leather Archer Armor
36:04 Bow Saw
36:43 Arbalester
38:24 Ring Archer Armor
38:03 Imperial Skirmisher
38:48 Thumb Ring
38:47 Pikeman
39:27 Squires
40:36 Halberdier
41:43 Scale Mail Armor
41:39 Bodkin Arrow
43:17 Two-Man Saw
42:19 Heavy Plow
47:57 Bracer
48:07 Forging
48:13 Chain Mail Armor
47:58 Man-at-Arms
48:23 Gambesons
49:19 Long Swordsman
59:06 Hand Cart
jmanuelgiriboni
10:14 Feudal Age
16:58 Castle Age
16:30 Horse Collar
16:38 Double-Bit Axe
18:45 Bow Saw
21:51 Wheelbarrow
22:52 Heavy Plow
22:51 Town Watch
27:57 Hand Cart
27:43 Gold Mining
28:17 Elite Skirmisher
32:43 Imperial Age
30:21 Fletching
30:46 Town Patrol
33:44 Imperial Skirmisher
35:27 Bodkin Arrow
36:00 Ballistics
36:00 Murder Holes
36:11 Siege Engineers
37:07 Chemistry
36:36 Fortified Wall
38:02 Bracer
39:57 Block Printing
39:10 Elite Fire Lancer
41:12 Two-Man Saw
40:46 Crop Rotation
40:45 Thumb Ring
43:16 Forging
43:08 Scale Mail Armor
44:56 Iron Casting
45:01 Loom
47:34 Padded Archer Armor
47:50 Chain Mail Armor
47:32 Elite Battle Elephant
49:30 Leather Archer Armor
49:46 Plate Mail Armor
49:49 Paper Money
49:32 Chatras
50:37 Caravan
50:19 Elite Battle Elephant
52:53 Scale Barding Armor
53:19 Ring Archer Armor
55:40 Chain Barding Armor
57:43 Plate Barding Armor
henry j.waternoose
12:02 Feudal Age
18:49 Castle Age
17:12 Double-Bit Axe
17:45 Horse Collar
20:45 Fletching
20:51 Stone Mining
21:05 Heavy Plow
22:01 Wheelbarrow
22:52 Gold Mining
24:22 Town Watch
24:25 Loom
26:06 Bow Saw
28:44 Gold Shaft Mining
30:46 Ballistics
30:39 Murder Holes
30:37 Guard Tower
35:19 Imperial Age
33:06 Hand Cart
33:36 Town Patrol
34:21 Scale Mail Armor
34:32 Forging
35:14 Bodkin Arrow
37:25 Keep
36:36 Arrowslits
36:29 Pikeman
37:10 Squires
41:08 Conscription
41:08 Capped Ram
46:49 Chemistry
46:00 Masonry
47:36 Two-Man Saw
47:19 Bracer
47:56 Iron Casting
47:22 Padded Archer Armor
48:48 Caravan
49:48 Elite Chu Ko Nu
50:04 Elite Chu Ko Nu
51:36 Architecture
50:40 Elite Fire Lancer
53:48 Blast Furnace
59:11 Fortified Wall
Connection lost

Rejoining the realm…

Still unreachable

The connection could not be restored.

Session expired

The server has moved on; the page needs a fresh start.